 Dungeon Crawl Stone Soup version 0.30-a0-168-g0b976cbdc4 (webtiles) character file.

Game seed: 15727893041910078276

151 qw the Chopper (level 5, -2/32 HPs)
             Began as a Gargoyle Fighter on Sept 29, 2022.
             Slain by a gnoll
             ... wielding a +0 halberd
              (9 damage)
             ... on level 2 of the Dungeon.
             The game lasted 00:00:39 (1944 turns).

qw the Chopper (Gargoyle Fighter)                   Turns: 1944, Time: 00:00:40

Health: -2/32      AC: 10    Str: 21    XL:     5   Next: 33%
Magic:  5/5        EV:  9    Int:  9    God:
Gold:   123        SH:  4    Dex:  9    Spells: 4/4 levels left

rFire   . . .      SeeInvis .    Y - +0 war axe
rCold   . . .      Faith    .    c - +0 buckler
rNeg    + . .      Spirit   .    b - +0 scale mail
rPois   inf        Reflect  .    (no helmet)
rElec   +          Harm     .    (no cloak)
rCorr   .          Rampage  .    (no gloves)
Will    .....                    (no boots)
Stlth   ..........               (no amulet)
HPRegen 0.10/turn                (no ring)
MPRegen 0.09/turn                (no ring)

@: no status effects
A: sickness immunity, AC +4, negative energy resistance 1, electricity
resistance, torment resistance 1, petrification resistance
a: no special abilities


You were on level 2 of the Dungeon.
You visited 1 branch of the dungeon, and saw 2 of its levels.

You collected 123 gold pieces.


Innate Abilities, Weirdness & Mutations

You are immune to sickness and miasma.
Your stone body is resilient. (AC +4)
You are immune to poison.
You resist negative energy. (rN+)
You are resistant to electric shocks. (rElec)
You are resistant to unholy torment.
You are immune to petrification.


   Skills:
 - Level 3.2 Fighting
 + Level 4.9 Axes
 - Level 3.2 Armour
 - Level 3.2 Shields


You had 4 spell levels left.
You didn't know any spells.
Your spell library was empty.

Inventory:

Hand Weapons
 l - a +0 whip
 Y - a +0 war axe (weapon)
Missiles
 h - 3 boomerangs (quivered)
Armour
 b - a +0 scale mail (worn)
 c - a +0 buckler (worn)
Jewellery
 k - a ring of flight
Scrolls
 j - a scroll of teleportation {unknown}
 n - a scroll of enchant armour
Potions
 a - 2 potions of mutation {unknown}
 d - a potion of might
 e - a potion of haste
 f - a potion of lignification {unknown}
 i - a potion of magic {unknown}
 m - a potion of curing {unknown}

Dungeon Overview and Level Annotations

Branches:
Dungeon (2/15)

Altars:


Message History

The gnoll is moderately wounded.
The gnoll closely misses you. The gnoll barely misses you.
You hit the gnoll.
The gnoll is almost dead.
You slash the gnoll! The gnoll hits you with a +0 halberd.
The gnoll hits you from afar with a +0 halberd.
The gnoll hits you but does no damage.
You barely miss the gnoll.
The gnoll is almost dead.
You closely miss the gnoll. You slash the endoplasm!
You kill the endoplasm!
You block the gnoll's attack. x2; The gnoll hits you with a +0 halberd.
The gnoll hits you from afar with a +0 halberd!
The gnoll barely misses you.
The gnoll hits you from afar with a +0 halberd.
1940 ||| DRINKING potion of heal wounds.
You feel much better.
The gnoll hits you from afar with a +0 halberd.
The gnoll closely misses you. x2
You slash the gnoll!
You kill the gnoll!
You hit the gnoll. The gnoll hits you but does no damage.
You block the gnoll's attack. The gnoll barely misses you.
You closely miss the gnoll.
The gnoll is severely wounded.
You slash the dart slug!
You kill the dart slug!
You block the gnoll's attack.
The gnoll hits you from afar with a +0 halberd!
The gnoll hits you but does no damage.
You slash the gnoll!
You kill the gnoll!
The gnoll hits you from afar with a +0 halberd. x2
You closely miss the goblin. The goblin hits you but does no damage.
The gnoll hits you from afar with a +0 halberd.
The gnoll hits you from afar with a +0 halberd!
You die...

.............##...........#...#..
.....%...........................
......#......#..[...............#
.................................
....#.#.###......................
....#.... ........!.............
....###.#. ...#........#........
..#. .... #...............#. ..
.# #@.#####........#.
.....gg).....+........#
.....g#......#........#
......#......+.....<.. .....
###....###..... ..... ....# ....
...... ##.. ......


You could see 2 gnolls and a goblin.

Vanquished Creatures
  Natasha (thrice) (D:2)
  An adder (D:2)
  2 gnolls (D:2)
  A dart slug (D:2)
  2 bats
  5 endoplasms
  2 giant cockroaches
  4 goblins
  8 hobgoblins
  2 jackals (D:2)
  3 kobolds
  2 quokkas (D:1)
  3 ball pythons
  A frilled lizard (D:1)
  10 rats (D:1)
49 creatures vanquished.

Notes
Turn   | Place    | Note
-------+----------+-------------------------------------------
     0 | D:1      | qw the Gargoyle Fighter began the quest for the Orb.
     0 | D:1      | Reached XP level 1. HP: 14/14 MP: 1/1
     0 | D:1      | 0 ||| qw: Version: 0.2-a-12-gaebbb33
     0 | D:1      | 0 ||| qw: Game counter: 1215
     0 | D:1      | 0 ||| qw: Always use a shield: true
     0 | D:1      | 0 ||| qw: God list: Okawaru
     0 | D:1      | 0 ||| qw: Allow faded altars: false
     0 | D:1      | 0 ||| qw: Do Orc after D:15 true
     0 | D:1      | 0 ||| qw: Do second Lair branch before Depths: true
     0 | D:1      | 0 ||| qw: Lair rune preference: random
     0 | D:1      | 0 ||| qw: Plans: Normal, Zot:1-4, God:TSO, Crypt, Tomb,
                  | Pan, Slime:5, Hells, Abyss, Orb
     0 | D:1      | 0 ||| PLANNING D:1-11
   107 | D:1      | Reached skill level 2 in Axes
   335 | D:1      | Reached XP level 2. HP: 19/19 MP: 2/2
   944 | D:1      | Reached skill level 3 in Axes
   952 | D:1      | 952 ||| DROPPING +0 club.
   967 | D:1      | Reached XP level 3. HP: 23/23 MP: 3/3
  1243 | D:1      | 1243 ||| DROPPING +6 ring of intelligence.
  1244 | D:1      | 1244 ||| READING scroll labelled HOZOTROAFI.
  1245 | D:1      | 1245 ||| READING scroll labelled BEINIGO BYBUS.
  1246 | D:1      | 1246 ||| READING scroll labelled BAUCYF ELEU.
  1247 | D:1      | 1247 ||| READING scroll labelled GEIHED DELUFOEG.
  1248 | D:1      | 1248 ||| DRINKING 2 coppery potions.
  1249 | D:1      | 1249 ||| DRINKING 2 brown potions.
  1305 | D:2      | Noticed Natasha
  1306 | D:2      | 1306 ||| Stepping ~*~*~tactically~*~*~ (hiding).
  1316 | D:2      | Killed Natasha
  1317 | D:2      | Reached XP level 4. HP: 17/28 MP: 4/4
  1326 | D:2      | Noticed Natasha
  1327 | D:2      | 1327 ||| FLEEEEING.
  1330 | D:2      | 1330 ||| STAIRDANCE
  1432 | D:1      | 1432 ||| READING scroll labelled RUAPSI VOBASUV.
  1440 | D:2      | Killed Natasha
  1441 | D:2      | Reached skill level 4 in Axes
  1456 | D:2      | Noticed Natasha
  1463 | D:2      | Killed Natasha
  1645 | D:2      | 1645 ||| Stepping ~*~*~tactically~*~*~ (stealth).
  1657 | D:2      | 1657 ||| Stepping ~*~*~tactically~*~*~ (stealth).
  1712 | D:2      | Reached XP level 5. HP: 29/32 MP: 5/5
  1939 | D:2      | HP: 8/32 [gnoll/+0 halberd (11)]
  1940 | D:2      | 1940 ||| DRINKING potion of heal wounds.
  1944 | D:2      | HP: 7/32 [gnoll/+0 halberd (1)]
  1944 | D:2      | Slain by a gnoll

Levels and vault maps discovered:
D:1:      co_arrival_random_square_maze, layout_basic, minmay_rat_gold_closets
D:2:      layout_basic, st_stairs_3, uniq_natasha

Skill      XL: |  1  2  3  4 |
---------------+-------------+-----
Axes           | 2 3 4 |  4.9
Fighting       | |  3.2
Armour         | |  3.2
Shields        | |  3.2

Action                   |  1- 3 |  4- 6 || total
-------------------------+-------+-------++-------
Melee: War axe           |    79 |    35 ||   114
Throw: Boomerang         |    16 |    14 ||    30
  Use: Scroll            |     4 |     1 ||     5
       Potion            |     2 |     1 ||     3
Armor: Scale mail        |    42 |    25 ||    67
Dodge: Dodged            |    30 |     9 ||    39
Block: Buckler           |     7 |    10 ||    17

Table legend:
 A = Non-vault XP
 B = Vault XP
 C = Vault XP percentage of total XP
 D = Non-vault monster count
 E = Vault monster count
 F = Vault count percentage of total count
                 A         B        C        D         E       F
            +---------+---------+-------+---------+---------+-------
      Total |     174 |      43 |  19.8 |      40 |       9 |  18.4
            +---------+---------+-------+---------+---------+-------
        D:1 |      37 |       8 |  17.8 |      21 |       8 |  27.6
        D:2 |     137 |      35 |  20.3 |      19 |       1 |   5.0
            +---------+---------+-------+---------+---------+-------
